 Dungeon Crawl Stone Soup version 0.30.0-11-gf55b779eaf (webtiles) character file.

Game seed: 15061183040064001873

13 GigaChad the Covered (level 2, -10/26 HPs)
             Began as an Armataur Fighter on May 17, 2023.
             Killed by an exploding hobgoblin (36 damage)
             ... ignited by their inner flame
             ... on level 1 of the Dungeon.
             The game lasted 00:00:32 (286 turns).

GigaChad the Covered (Armataur Fighter)              Turns: 286, Time: 00:00:32

Health: -10/26     AC:  7    Str: 21    XL:     2   Next: 24%
Magic:  2/2        EV:  7    Int:  8    God:
Gold:   14         SH:  4    Dex:  9    Spells: 1/1 levels left

rFire   . . .        a - +0 war axe
rCold   . . .        c - +0 buckler
rNeg    . . .        b - +0 scale mail
rPois   .            (no helmet)
rElec   .            (no cloak)
rCorr   .            (no gloves)
SInv    .            (no barding)
Will    .....        (no amulet) Stlth
                     (no ring)
HPRegen 0.24/turn    (no ring)
MPRegen 0.08/turn

%: roll
@: no status effects
A: large, rugged brown scales 3, deformed body, armoured tail, roll, long
tongue, awkward tongue
a: no special abilities


You were on level 1 of the Dungeon.
You visited 1 branch of the dungeon, and saw 1 of its levels.

You collected 14 gold pieces.

Inventory:

Hand Weapons
 a - a +0 war axe (weapon)
Armour
 b - a +0 scale mail (worn)
 c - a +0 buckler (worn)
Potions
 d - a potion of might
 e - a potion of degeneration {unknown}
 f - a potion of magic {unknown}
 i - a potion of heal wounds {unknown}


   Skills:
 + Level 2.9 Fighting
 + Level 1.6 Axes
 + Level 4.0 Armour
 + Level 3.4 Shields


You had one spell level left.
You didn't know any spells.
Your spell library was empty.

Dungeon Overview and Level Annotations

Branches:
Dungeon (1/15)

Altars:


Innate Abilities, Weirdness & Mutations

You are completely covered in rugged brown scales. (AC +3, +7% HP)
Armour fits poorly on your strangely shaped body.
You have a long armoured tail.
You roll when moving toward enemies. (Rampage)
Your long tongue fully drains potion bottles. (2x potion effects)
Your tongue gives you trouble enunciating. (1.5x scroll delay)


Message History

A rat is nearby!
You slash the rat!
You kill the rat!
Your Armour skill increases to level 4!
No target in view!
You see here a giant cockroach corpse.
You now have 14 gold pieces (gained 10).
Found a stone staircase leading down.
A dart slug comes into view.
Found a scroll labelled AFRYWE TUXIN.
You roll towards the dart slug!
You see here a scroll labelled AFRYWE TUXIN.
You hit the dart slug.
The dart slug is severely wounded.
The dart slug bites you but does no damage.
You slash the dart slug!
You kill the dart slug!
No target in view!
g - a scroll labelled AFRYWE TUXIN
Found a ring mail.
There is a stone staircase leading down here.
h - a scroll labelled ROMOKL GEOFU
There is a stone staircase leading down here.
i - a red potion You see here 6 stones.
A hobgoblin comes into view.
The hobgoblin shouts!
As you slowly read the scroll labelled ROMOKL GEOFU, it crumbles to dust.
The creatures around you are filled with an inner flame!
It was a scroll of immolation.
Nothing quivered!
A hobgoblin is nearby!
As you slowly read the scroll labelled AFRYWE TUXIN, it crumbles to dust.
You feel aware of your surroundings.
You sensed 1 altar.
It was a scroll of magic mapping.
You slash the hobgoblin!
The hobgoblin explodes!
The fiery explosion engulfs you!!!
Ouch! That really hurt!
You die...

***,* #.###.###### ,,,,* #...#.#
,**** ###.#.# ** #.#.# #.#.##
#############....# ####
...............#§# #########...
############...#§#####.....)...##
####....#@§..##.#########
#....#######....#
#.##....#....#### ##+###'###.####
******#≈.§§≈§§##,*
,,,,,,#≈≈.≈.§§#,,* ***********
***#.##§≈.).≈≈#.##*****,,,,,,,,,,
,,,#....≈.<.≈......,,,,,,,******,
**,####≈≈...≈§#..##******,,,,***,


There were no monsters in sight!

Vanquished Creatures
  A dart slug (D:1)
  A giant cockroach (D:1)
  A goblin (D:1)
  A hobgoblin (D:1)
  2 ball pythons (D:1)
  3 bats (D:1)
  4 rats (D:1)
13 creatures vanquished.

Notes
Turn   | Place    | Note
-------+----------+-------------------------------------------
     0 | D:1      | GigaChad the Armataur Fighter began the quest for the Orb.
     0 | D:1      | Reached XP level 1. HP: 19/19 MP: 1/1
   150 | D:1      | Reached XP level 2. HP: 26/26 MP: 2/2
   160 | D:1      | Reached skill level 4 in Armour
   286 | D:1      | Killed by an exploding hobgoblin... ignited by their inner
                  | flame

Illustrated notes

Levels and vault maps discovered:
D:1:      ncdulo_lavacross, layout_loops_ring,
          hellmonk_ecumenical_altar_inner_sanctum

Skill      XL: |  1  2 |
---------------+-------+-----
Armour         | 4 |  4.0
Fighting       | |  2.9
Axes           | |  1.6
Shields        | |  3.4

Action                     || total
---------------------------++-------
  Melee: War axe           ||    22
    Use: Scroll            ||     2
 Armour: Scale mail        ||    16
  Dodge: Dodged            ||     7
  Block: Buckler           ||     3
